Build Orders - Match 35311977 - cohdb - Company of Heroes 3 Replays
cohdb
Replays
Latest Replays
All Replays
Popular Replays
Top Player Replays
Match Explorer
How It Works
Community
CoH3 Stats
Reddit
Sign in to upload your games and track your stats! →
Sign in with Steam
Match 35311977
Unlisted
Match 35311977
Overview
Messages
Build Orders
End
Kradschützen Motorcycle Team
Selects Italian Combined Arms Battlegroup
Selects Bersaglieri Squad
Bersaglieri Squad
Bersaglieri Squad
Bersaglieri Squad
Construct Light Support Kompanie
Construct Light Support Kompanie
Panzerpioneer Squad
Selects Bersaglieri Bolster
2.5-tonne Medical Truck
Selects Vehicle Support - Force Recon
Fire Support Elements
Forward Retreat Point
Bersaglieri Squad
le.IG 18 Support Gun Team
qunnaczan
34643
Dogon222
Pinhead Larry
Wimp Lo
Badass_Ben
0
0
Comments
sign in to comment!
No comments posted yet!